 Dungeon Sprint DCSS version 0.27-a0-1322-gfdffb62a71 (webtiles) character file.

Game seed: 784614323582550101

33201 mhtbhm the Severer (level 13, -10/130 HPs)
             Began as a Minotaur Fighter on June 22, 2021.
             Was the Champion of Yredelemnul.
             Killed from afar by an orb of fire (35 damage)
             ... with a bolt of fire
             ... in the Dungeon (Sprint VII: "The Pits").
             The game lasted 00:13:19 (4314 turns).

mhtbhm the Severer (Minotaur Fighter)               Turns: 4314, Time: 00:13:20

Health: -10/130    AC: 41    Str: 23    XL:     13   Next: 35%
Magic:  23/23      EV:  7    Int:  6    God:    Yredelemnul [******]
Gold:   44         SH: 11    Dex: 15    Spells: 12/12 levels left

rFire    + . .     SeeInvis .   a - +2 war axe (freeze)
rCold    + . .     Faith    .   c - +2 buckler {AC+3}
rNeg     . . .     Spirit   .   b - +2 gold dragon scales
rPois    +         Reflect  .   (helmet restricted)
rElec    .         Harm     .   p - +2 cloak
rCorr    .         Rampage  .   F - +2 pair of gloves {archery}
Will     .....     NoTele   +   G - +2 pair of boots {Stlth+}
Stlth    ..........             (no amulet)
HPRegen  0.31/turn              n - +3 ring of protection
MPRegen  0.18/turn              o - +3 ring of dexterity

@: no status effects
A: horns 2, retaliatory headbutt
a: Renounce Religion, Recall Undead Slaves, Injury Mirror, Animate Dead, Drain
Life, Enslave Soul


You were in the Dungeon.
You worshipped Yredelemnul.
Yredelemnul was exalted by your worship.
You visited 1 branch You collected 44 gold pieces.

Inventory:

Hand Weapons
 a - a +2 war axe of freezing (weapon)
Missiles
 d - 3 boomerangs of dispersal
 z - 11 silver javelins
 A - 6 silver boomerangs (quivered)
Armour
 b - +2 gold dragon scales (worn)
 c - a +2 buckler of protection (worn)
 p - a +2 cloak (worn)
 F - a +2 pair of gloves of archery (worn)
 G - a +2 pair of boots of stealth (worn)
Jewellery
 n - a +3 ring of protection (left hand)
 o - a +3 ring of dexterity (right hand)
 v - a ring of willpower
 w - a ring of protection from cold
 y - a ring of positive energy
 D - a ring of poison resistance
Wands
 C - a wand of paralysis (9)
 E - a wand of flame (12)
Scrolls
 j - 4 scrolls of blinking
 k - 5 scrolls of amnesia
 l - a scroll of summoning
 q - 2 scrolls of identify
 r - 3 scrolls of fear
 s - a scroll of fog
 u - 2 scrolls of enchant weapon
 x - a scroll of enchant armour
Potions
 e - 4 potions of berserk rage
 f - 12 potions of heal wounds
 g - 4 potions of haste
 h - 4 potions of magic
 i - a potion of invisibility
 m - 9 potions of curing
 t - 2 potions of might
Miscellaneous
 B - a box of beasts


   Skills:
 + Level 16.4 Fighting
 + Level 18.8 Axes
 + Level 17.6 Armour
 + Level 4.6 Dodging
 - Level 9.9 Stealth
 + Level 17.9 Shields
 + Level 15.7 Invocations


You had 12 spell levels left.
You didn't know any spells.
Your spell library contained the following spells:

 Spells                   Type           Power      Damage    Failure   Level
 Beastly Appendage        Tmut           0%         N/A       100%        1
 Passwall                 Tmut/Erth      0%         N/A       100%        2
 Searing Ray              Conj           0%         3d3       100%        2
 Wereblood                Tmut           0%         N/A       100%        2
 Confusing Touch          Hex            0%         N/A       100%        3
 Gell's Gravitas          Tloc           0%         N/A       100%        3
 Ozocubu's Armour         Ice            0%         N/A       100%        3
 Spider Form              Tmut/Pois      0%         N/A       100%        3
 Swiftness                Air            0%         N/A       100%        3
 Hailstorm                Conj/Ice       0%         3d3       100%        4
 Ice Form                 Ice/Tmut       0%         N/A       100%        4
 Passage of Golubria      Tloc           N/A        N/A       100%        4
 Petrify                  Tmut/Erth      0%         N/A       100%        4
 Summon Ice Beast         Ice/Summ       0%         N/A       100%        4
 Bolt of Magma            Conj/Fire/Erth 0%         4d4       100%        5
 Freezing Cloud           Conj/Ice/Air   0%         6-21      100%        5
 Lee's Rapid Deconstruct  Erth           0%         3d5*      100%        5
 Metabolic Englaciation   Hex/Ice        0%         N/A       100%        5
 Yara's Violent Unravell  Hex/Tmut       0%         3d3       100%        5
 Invisibility             Hex            0%         N/A       100%        6
 Polar Vortex             Ice            0%         N/A       100%        9


Dungeon Overview and Level Annotations

Branches:
Dungeon (1/1)

Altars:
Ashenzari
Cheibriados
Dithmenos
Elyvilon
Fedhas
Gozag
Hepliaklqana
Kikubaaqudgha
Makhleb
Nemelex Xobeh
Okawaru
Qazlal
Ru
Sif Muna
Trog
Uskayaw
Vehumet
Wu Jian
Xom
Yredelemnul
Zin
The Shining One
Beogh
Jiyva
Lugonu


Innate Abilities, Weirdness & Mutations

You have a pair of horns on your head.
You reflexively headbutt those who attack you in melee.


Message History

Your vampire knight blinks!
Unknown command.
You catch the helpless orb of fire completely off-guard!
You hit the orb of fire.
The orb of fire is almost destroyed.
Unknown command.
You barely miss the orb of fire. Your headbutt misses the orb of fire.
The orb of fire is almost destroyed.
Your vampire misses the orb of fire. x2
Your skeletal warrior misses the orb of fire.
Your gold dragon scales prevents you from hitting the orb of fire.
The orb of fire is almost destroyed.
Your vampire closely misses the orb of fire.
Your vampire bites the orb of fire but does no damage.
Unknown command.
You hit the orb of fire but do no damage.
Your headbutt misses the orb of fire.
The orb of fire is almost destroyed.
Your skeletal warrior closely misses the orb of fire.
You slash the orb of fire! You freeze the orb of fire.
The orb of fire is almost destroyed.
The orb of fire glows red.
The fireball explodes!
The fireball engulfs you! You resist.
* * * LOW HITPOINT WARNING * * *
The fireball engulfs your vampire knight!!!!
Your vampire knight is destroyed!
The fireball engulfs your vampire knight!!!!
Your vampire knight is destroyed!
The fireball engulfs your vampire!!!
Your vampire is destroyed!
The fireball engulfs your skeletal warrior!!!
The fireball engulfs the orb of fire.
The orb of fire completely resists.
You hit the orb of fire. Your headbutt misses the orb of fire.
The orb of fire is almost destroyed.
You completely miss the orb of fire.
The orb of fire is almost destroyed.
The orb of fire glows red.
The bolt of fire hits you!! You resist.
You die...
Your body rises from the dead as a mindless zombie.

#+# #.# #W# #*# #V#
#n# #)#
###################)#
......ZZ.ZZ.ZZZZ@z.)#
..Z...ZZ.ZZZZ.ZzZ*.)#
##'V##############..#
...z...#.#(#[#[[[#..#
#ZV.z#)#.#(#W#[#z#z.#
ZWVW)Z...#(#W#.WA#V.#
#WZWV#n#Z#(#z##V##W.#


Zn.ZW.ZZ.#'#z#WVW#WW# #Z.ZZ#Z#Z#VVV#n#W#..# You could see an orb of fire (ally
target), a friendly skeletal warrior, a friendly wight, 2 friendly hell hound
zombies, a friendly death yak zombie, a friendly wyvern zombie, a friendly steam
dragon zombie, a friendly giant cockroach zombie, a friendly kobold demonologist
zombie, 2 friendly orc knight zombies, a friendly guardian serpent zombie and 2
friendly centaur zombies.

Vanquished Creatures
  Josephine (D)
  A hydra (D)
  A vault guard (D)
  2 death yaks (D)
  A sun demon (D)
  A deep elf knight (D)
  A fire crab (D)
  A swamp dragon (D)
  An orc knight (D)
  A necromancer (D)
  A manticore (D)
  A guardian serpent (D)
  Joseph (D)
  An orange demon (D)
  A cane toad (D)
  2 yaktaurs (D)
  An ice devil (D)
  A kobold demonologist (D)
  2 slime creatures (D)
  2 wraiths (D)
  2 yaks (D)
  A fire bat (D)
  3 steam dragons (D)
  A floating eye (D)
  A water moccasin (D)
  An orc warrior (D)
  A sky beast (D)
  3 centaurs (D)
  2 kobold brigands (D)
  A gnoll sergeant (D)
  2 scorpions (D)
  A wight (D)
  A crimson imp (D)
  An orc priest (D)
  An orc wizard (D)
  3 gnolls (D)
  A river rat (D)
  An adder zombie (D)
  An orc (D)
  2 bat skeletons (D)
  3 giant cockroaches (D)
  2 goblins (D)
  2 jackals (D)
  4 kobolds (D)
  A quokka (D)
  A bat (D)
  A jackal zombie (D)
68 creatures vanquished.

Vanquished Creatures (collateral kills)
  2 deep elf master archers (D)
  A deep elf blademaster (D)
  An acid blob (D)
  2 orc warlords (D)
  A red draconian (D)
  A merfolk javelineer (D)
  A purple draconian (D)
  An eidolon (D)
  2 yaktaur captains (D)
  A vault guard (D)
  An ogre mage (D)
  A naga warrior (D)
  A spriggan air mage (D)
  An anaconda (D)
  Erica (D)
  2 death knights (D)
  6 two-headed ogres (D)
  3 death yaks (D)
  2 vampire magi (D)
  A sun demon (D)
  A deep elf knight (D)
  A sea snake (D)
  10 orc knights (D)
  A cyclops (D)
  An orc sorcerer (D)
  A slime creature (D)
  A guardian serpent (D)
  An unseen horror (D)
  A yaktaur (D)
  An efreet (D)
  2 komodo dragons (D)
  A kobold demonologist (D)
  A demonic crawler (D)
  A troll (D)
  A guardian mummy (D)
  A hellwing (D)
  3 merfolk (D)
  A polar bear (D)
  A red devil (D)
  A jumping spider (D)
  6 yaks (D)
  An air elemental (D)
  3 wraiths (D)
  A fire bat (D)
  A fire bat (shapeshifter) (D)
  A wyvern (D)
  A basilisk (D)
  A steam dragon (D)
  Grum (D)
  A ynoxinul (D)
  Menkaure (D)
  5 hell hounds (D)
  An acid dragon (D)
  2 wolves (D)
  2 ogres (D)
  2 kobold brigands (D)
  2 wights (D)
  A gnoll (D)
  A white imp (D)
  An ufetubus (D)
  A giant cockroach (D)
  A bat simulacrum (D)
  A giant cockroach zombie (D)
  A jackal simulacrum (D)
  A jackal zombie (D)
104 creatures vanquished.

Vanquished Creatures (others)
  3 profane servitors (D)
  A bone dragon (D)
  5 ghouls (D)
  6 vampire knights (D)
  7 skeletal warriors (D)
  6 flayed ghosts (D)
  8 phantasmal warriors (D)
  An orc knight (D)
  A yaktaur (D)
  6 flying skulls (D)
  9 vampires (D)
  5 wraiths (D)
  A yak (D)
  2 wights (D)
  A ghoul skeleton (D)
  An elf zombie (D)
  A death yak skeleton (D)
  A jumping spider zombie (D)
  A two-headed ogre zombie (D)
  A wolf zombie (D)
  3 yak zombies (D)
  A cane toad zombie (D)
  A yaktaur zombie (D)
  A bat zombie (D)
  A kobold zombie (D)
  A steam dragon zombie (D)
  A giant cockroach zombie (D)
  A gnoll zombie (D)
  A goblin zombie (D)
  3 orc zombies (D)
  A quokka zombie (D)
  A scorpion zombie (D)
83 creatures vanquished.

Grand Total: 255 creatures vanquished

Notes
Turn   | Place    | Note
-------+----------+-------------------------------------------
     0 | D        | mhtbhm the Minotaur Fighter began the quest for the Orb.
     0 | D        | Reached XP level 1. HP: 19/19 MP: 0/0
    10 | D        | Noticed a scorpion
    20 | D        | Killed a scorpion
    21 | D        | Reached skill level 5 in Fighting
    21 | D        | Reached skill level 3 in Axes
    21 | D        | Reached skill level 5 in Shields
    21 | D        | Reached XP level 2. HP: 14/30 MP: 1/1
    21 | D        | Reached XP level 3. HP: 17/37 MP: 2/2
    76 | D        | Found a bloodstained altar of Trog.
    76 | D        | Found a shimmering blue altar of Sif Muna.
    76 | D        | Found a viscous altar of Jiyva.
    76 | D        | Found a hazy altar of Hepliaklqana.
    76 | D        | Found an opulent altar of Gozag.
    77 | D        | Found a glowing golden altar of the Shining One.
    77 | D        | Found a glowing silver altar of Zin.
    77 | D        | Found a basalt altar of Yredelemnul.
    77 | D        | Found a shimmering altar of Xom.
    77 | D        | Found an ornate altar of the Wu Jian Council.
    77 | D        | Found a sacrificial altar of Ru.
    77 | D        | Found a stormy altar of Qazlal.
    77 | D        | Found an iron altar of Okawaru.
    77 | D        | Found a sparkling altar of Nemelex Xobeh.
    77 | D        | Found a burning altar of Makhleb.
    77 | D        | Found a blossoming altar of Fedhas.
    77 | D        | Found a white marble altar of Elyvilon.
    77 | D        | Found a shadowy altar of Dithmenos.
    77 | D        | Found a snail-covered altar of Cheibriados.
    79 | D        | Found a radiant altar of Vehumet.
    79 | D        | Found a corrupted altar of Lugonu.
    80 | D        | Found a hide-covered altar of Uskayaw.
    80 | D        | Found an ancient bone altar of Kikubaaqudgha.
    80 | D        | Found a broken altar of Ashenzari.
    84 | D        | Became a worshipper of Yredelemnul the Dark
   264 | D        | Reached * piety under Yredelemnul
   273 | D        | Noticed a floating eye
   273 | D        | Noticed a scorpion
   276 | D        | Paralysed by a floating eye for 4 turns
   285 | D        | Killed a floating eye
   286 | D        | Reached skill level 4 in Axes
   286 | D        | Reached skill level 1 in Dodging
   286 | D        | Reached XP level 4. HP: 48/48 MP: 3/3
   286 | D        | Reached XP level 5. HP: 53/53 MP: 4/4
   294 | D        | Reached ** piety under Yredelemnul
   353 | D        | Reached *** piety under Yredelemnul
   438 | D        | Noticed a fire bat
   438 | D        | Noticed a water moccasin
   440 | D        | Noticed an orc warrior
   460 | D        | Reached skill level 5 in Axes
   469 | D        | HP: 2/56 [orc warrior (7)]
   473 | D        | Killed an orc warrior
   474 | D        | Reached skill level 6 in Axes
   474 | D        | Reached skill level 10 in Armour
   474 | D        | Reached skill level 1 in Invocations
   474 | D        | Reached XP level 6. HP: 30/63 MP: 5/5
   483 | D        | Killed a water moccasin
   483 | D        | Reached **** piety under Yredelemnul
   485 | D        | Received a gift from Yredelemnul (a wight)
   493 | D        | Killed a fire bat
   494 | D        | Reached skill level 10 in Fighting
   494 | D        | Reached skill level 7 in Axes
   494 | D        | Reached XP level 7. HP: 24/72 MP: 7/7
   494 | D        | Received a gift from Yredelemnul (3 flying skulls)
   533 | D        | Reached ***** piety under Yredelemnul
   712 | D        | Noticed a steam dragon
   731 | D        | Killed a steam dragon
   731 | D        | Received a gift from Yredelemnul (a wight)
   732 | D        | Reached skill level 8 in Axes
   732 | D        | Reached skill level 10 in Shields
   996 | D        | Received a gift from Yredelemnul (a wraith)
  1058 | D        | Received a gift from Yredelemnul (a wraith)
  1171 | D        | Noticed a red devil
  1179 | D        | Killed a red devil
  1180 | D        | Received a gift from Yredelemnul (3 flying skulls)
  1180 | D        | Received a gift from Yredelemnul (a wight)
  1180 | D        | Reached skill level 9 in Axes
  1180 | D        | Reached XP level 8. HP: 70/80 MP: 9/9
  1189 | D        | Noticed an orc sorcerer
  1195 | D        | Killed an orc sorcerer
  1196 | D        | Reached skill level 10 in Axes
  1345 | D        | Received a gift from Yredelemnul (a phantasmal warrior)
  1348 | D        | Reached skill level 5 in Invocations
  1406 | D        | Noticed a cyclops
  1411 | D        | Killed a cyclops
  1412 | D        | Reached skill level 11 in Axes
  1423 | D        | Received a gift from Yredelemnul (a wraith)
  1424 | D        | Reached XP level 9. HP: 79/89 MP: 12/12
  1464 | D        | Noticed Menkaure
  1465 | D        | Reached ****** piety under Yredelemnul
  1468 | D        | Killed Menkaure
  1472 | D        | Received a gift from Yredelemnul (a wraith)
  1504 | D        | Noticed a necromancer
  1505 | D        | Noticed a troll
  1506 | D        | Noticed a guardian mummy
  1514 | D        | Killed a necromancer
  1515 | D        | Reached skill level 12 in Axes
  1517 | D        | Received a gift from Yredelemnul (a skeletal warrior)
  1518 | D        | Killed a troll
  1522 | D        | Received a gift from Yredelemnul (a vampire)
  1524 | D        | Killed a guardian mummy
  1733 | D        | Noticed a sea snake
  1733 | D        | Noticed Grum
  1740 | D        | Received a gift from Yredelemnul (a wraith)
  1742 | D        | Killed a sea snake
  1745 | D        | Killed Grum
  1746 | D        | Reached skill level 13 in Axes
  1828 | D        | Noticed a demonic crawler
  1828 | D        | Noticed a kobold demonologist
  1829 | D        | Noticed a five-headed hydra
  1829 | D        | Noticed an orange demon
  1838 | D        | Killed an eight-headed hydra
  1839 | D        | Reached XP level 10. HP: 71/97 MP: 13/15
  1839 | D        | Noticed a smoke demon
  1840 | D        | Received a gift from Yredelemnul (a phantasmal warrior)
  1843 | D        | Killed an orange demon
  1844 | D        | Reached skill level 14 in Axes
  1974 | D        | Noticed a cane toad
  1977 | D        | Noticed a manticore
  1980 | D        | Killed a cane toad
  1980 | D        | Received a gift from Yredelemnul (a skeletal warrior)
  1980 | D        | Received a gift from Yredelemnul (a phantasmal warrior)
  1984 | D        | Received a gift from Yredelemnul (a vampire)
  1984 | D        | Received a gift from Yredelemnul (a ghoul)
  1986 | D        | Noticed Erica
  1989 | D        | Reached skill level 1 in Stealth
  1990 | D        | Killed a manticore
  1990 | D        | Received a gift from Yredelemnul (a profane servitor)
  1992 | D        | Received a gift from Yredelemnul (a phantasmal warrior)
  1992 | D        | Received a gift from Yredelemnul (a skeletal warrior)
  1993 | D        | Noticed a two-headed ogre
  1994 | D        | Noticed a death yak
  1998 | D        | Received a gift from Yredelemnul (a ghoul)
  1999 | D        | Killed Erica
  2000 | D        | Received a gift from Yredelemnul (a skeletal warrior)
  2000 | D        | Reached skill level 15 in Axes
  2002 | D        | Received a gift from Yredelemnul (a vampire)
  2002 | D        | Received a gift from Yredelemnul (a vampire)
  2002 | D        | Received a gift from Yredelemnul (a flayed ghost)
  2002 | D        | Killed a two-headed ogre
  2005 | D        | Received a gift from Yredelemnul (a bone dragon)
  2005 | D        | Received a gift from Yredelemnul (a phantasmal warrior)
  2008 | D        | Killed a death yak
  2009 | D        | Reached skill level 10 in Invocations
  2009 | D        | Reached XP level 11. HP: 47/107 MP: 6/17
  2014 | D        | Received a gift from Yredelemnul (a vampire knight)
  2311 | D        | Noticed a swamp dragon
  2311 | D        | Noticed a spriggan air mage
  2314 | D        | Received a gift from Yredelemnul (a flayed ghost)
  2317 | D        | Killed a spriggan air mage
  2318 | D        | Reached skill level 16 in Axes
  2318 | D        | Reached skill level 15 in Armour
  2319 | D        | Killed a swamp dragon
  2368 | D        | Noticed a death yak
  2368 | D        | Noticed a death yak
  2368 | D        | Noticed a death yak
  2369 | D        | Noticed a death yak
  2374 | D        | Killed a death yak
  2374 | D        | Received a gift from Yredelemnul (a phantasmal warrior)
  2374 | D        | Received a gift from Yredelemnul (a profane servitor)
  2375 | D        | Killed a death yak
  2378 | D        | Killed a death yak
  2380 | D        | Killed a death yak
  2397 | D        | Reached skill level 15 in Shields
  2400 | D        | Received a gift from Yredelemnul (a vampire knight)
  2400 | D        | Received a gift from Yredelemnul (a skeletal warrior)
  2457 | D        | Noticed an eidolon
  2465 | D        | Killed an eidolon
  2466 | D        | Received a gift from Yredelemnul (a vampire)
  2534 | D        | Noticed a merfolk javelineer
  2547 | D        | Killed a merfolk javelineer
  2555 | D        | Received a gift from Yredelemnul (a vampire knight)
  2555 | D        | Reached skill level 17 in Axes
  2817 | D        | Noticed Josephine
  2817 | D        | Noticed a red draconian
  2817 | D        | Noticed a death knight
  2817 | D        | Noticed a vampire mage
  2828 | D        | Killed Josephine
  2828 | D        | Received a gift from Yredelemnul (a skeletal warrior)
  2835 | D        | Noticed an anaconda
  2836 | D        | Received a gift from Yredelemnul (a flayed ghost)
  2837 | D        | Noticed a deep elf master archer
  2840 | D        | Killed a red draconian
  2841 | D        | Killed a deep elf master archer
  2842 | D        | Reached XP level 12. HP: 52/118 MP: 20/20
  2843 | D        | Noticed Joseph
  2844 | D        | Noticed a death knight
  2845 | D        | Received a gift from Yredelemnul (a skeletal warrior)
  2845 | D        | Received a gift from Yredelemnul (a phantasmal warrior)
  2845 | D        | Killed a vampire mage
  2851 | D        | Killed a vampire mage
  2852 | D        | Received a gift from Yredelemnul (a vampire)
  2854 | D        | Killed a two-headed ogre
  2858 | D        | Killed an anaconda
  2860 | D        | Killed a death knight
  2866 | D        | Reached skill level 15 in Fighting
  2866 | D        | Killed a death knight
  2869 | D        | Killed Joseph
  2872 | D        | Received a gift from Yredelemnul (a ghoul)
  2874 | D        | Reached skill level 5 in Stealth
  2876 | D        | Received a gift from Yredelemnul (a ghoul)
  2914 | D        | Got the Catalogue of Ice and Confrontation
  2917 | D        | Got the Guide on Icy Slavery
  3222 | D        | Noticed an orc warlord
  3222 | D        | Noticed a yaktaur captain
  3223 | D        | Noticed an orc warlord
  3223 | D        | Noticed a two-headed ogre
  3223 | D        | Noticed a deep elf blademaster
  3223 | D        | Noticed a purple draconian
  3225 | D        | Noticed an ogre mage
  3228 | D        | Noticed a yaktaur captain
  3228 | D        | Noticed a two-headed ogre
  3230 | D        | Received a gift from Yredelemnul (a vampire knight)
  3231 | D        | Killed an orc warlord
  3234 | D        | Noticed a two-headed ogre
  3234 | D        | Killed an ogre mage
  3235 | D        | Reached skill level 18 in Axes
  3235 | D        | Received a gift from Yredelemnul (a vampire knight)
  3235 | D        | Received a gift from Yredelemnul (a vampire)
  3235 | D        | Noticed a two-headed ogre
  3238 | D        | Received a gift from Yredelemnul (a flayed ghost)
  3238 | D        | Killed a two-headed ogre
  3239 | D        | Killed a deep elf blademaster
  3240 | D        | Killed a two-headed ogre
  3241 | D        | Received a gift from Yredelemnul (a flayed ghost)
  3241 | D        | Received a gift from Yredelemnul (a vampire knight)
  3242 | D        | Killed a two-headed ogre
  3242 | D        | Noticed a naga warrior
  3243 | D        | Received a gift from Yredelemnul (a ghoul)
  3245 | D        | Killed a two-headed ogre
  3246 | D        | Received a gift from Yredelemnul (a profane servitor)
  3247 | D        | Reached XP level 13. HP: 46/128 MP: 15/23
  3249 | D        | Received a gift from Yredelemnul (a flayed ghost)
  3251 | D        | Received a gift from Yredelemnul (a vampire knight)
  3251 | D        | Killed an orc warlord
  3252 | D        | Reached skill level 15 in Invocations
  3255 | D        | Received a gift from Yredelemnul (a skeletal warrior)
  3256 | D        | Killed a purple draconian
  3257 | D        | Received a gift from Yredelemnul (a vampire)
  3257 | D        | Received a gift from Yredelemnul (a vampire)
  3914 | D        | Noticed an acid blob
  3917 | D        | Killed an acid blob
  3918 | D        | Received a gift from Yredelemnul (a phantasmal warrior)
  4004 | D        | Noticed a deep elf master archer
  4016 | D        | Killed a deep elf master archer
  4276 | D        | Noticed an orb of fire
  4314 | D        | Killed from afar by an orb of fire

Illustrated notes

Levels and vault maps discovered:
D:        pitsprint [storerooms_1, entrance_room_1, metal_vault_6, armoury_3,
          mini_pit_1, grid_room_1, main_hall_1, silver_pit, the_coven_3,
          the_vestibule_1, steel_vault_2, golden_pit, hallway_of_sentries,
          crystal_vault_1, iron_vault_3, final_vault]

Skill      XL: |  1  2  3  4  5  6  7  8  9 10 11 12 13 |
---------------+----------------------------------------+-----
Fighting       | 5 7 9 10 11 13 14 16 | 16.4
Axes           | 3 4 6 7 9 11 13 15 17 18 | 18.8
Armour         | 6 8 10 11 13 14 16 17 | 17.6
Shields        | 5 7 8 9 10 11 12 14 16 17 | 17.9
Dodging        | 1 2 3 4 |  4.6
Invocations    | 1 2 3 5 8 10 12 14 15 | 15.7
Stealth        | 2 4 7 9 |  9.9

Action                   |  1- 3 |  4- 6 |  7- 9 | 10-12 | 13-15 || total
-------------------------+-------+-------+-------+-------+-------++-------
Melee: War axe           |     8 |       |    55 |   113 |    25 ||   201
       Headbutt          |     5 |     8 |    24 |    32 |     5 ||    74
       Hand axe          |    16 |    47 |    43 |       |       ||   106
Throw: Boomerang         |       |       |       |       |     2 ||     2
Invok: Animate Remains   |       |     2 |       |       |       ||     2
       Animate Dead      |       |     1 |    18 |    28 |     3 ||    50
       Recall Undead Sla |       |       |       |     3 |     2 ||     5
  Use: Potion            |     2 |     3 |       |     3 |       ||     8
 Stab: Distracted        |       |       |       |     4 |     1 ||     5
       Invisible         |       |       |       |    10 |     1 ||    11
Armor: Scale mail        |     5 |     7 |       |       |       ||    12
       Chain mail        |       |    11 |    23 |       |       ||    34
       Plate armour      |       |       |    31 |    70 |     2 ||   103
       Gold dragon scale |       |       |       |       |     4 ||     4
Dodge: Dodged            |     4 |     6 |    40 |    39 |     5 ||    94
Block: Kite shield       |     7 |    22 |    66 |    86 |     5 ||   186
       Buckler           |       |       |       |       |     2 ||     2

Table legend: (Time is in decaauts)
 A = Elapsed time spent in this place.
 B = Non-inter-level travel time spent in this place.
 C = Inter-level travel time spent in this place.
 D = Time resting spent in this place.
 E = Time spent auto-exploring this place.
 F = Levels seen in this place.
 G = Mean time per level.
                   A        B        C        D        E       F      G
               +--------+--------+--------+--------+--------+-----+--------+
         Total |   4321 |   4321 |      0 |   2296 |    425 |   1 | 4321.0 |
       Dungeon |   4321 |   4321 |      0 |   2296 |    425 |   1 | 4321.0 |
               +--------+--------+--------+--------+--------+-----+--------+

Top non-repeatable levels by time:
       D: 4321 daAuts
